 Seeded DCSS version 0.30.1-1-g62c8e00024 (webtiles) character file.

Game seed: 8994729474104937668 (custom seed)

71 CInkIbrahim the Chopper (level 4, 25/28 HPs)
             Began as a Gargoyle Fighter on July 16, 2023.
             Quit the game on level 2 of the Dungeon.
             The game lasted 00:01:21 (1078 turns).

CInkIbrahim the Chopper (Gargoyle Fighter)          Turns: 1078, Time: 00:01:21

Health: 25/28      AC: 10    Str: 21    XL:     4   Next: 24%
Magic:  4/4        EV:  9    Int:  9    God:
Gold:   115        SH:  4    Dex:  9    Spells: 3/3 levels left

rFire   + . .        a - +0 war axe
rCold   . . .        c - +0 buckler
rNeg    + . .        b - +0 scale mail
rPois   ∞            (no helmet)
rElec   +            (no cloak)
rCorr   .            (no gloves)
SInv    .            (no boots)
Will    .....        (no amulet) Stlth
                     l - ring of protection from fire
HPRegen 0.24/turn    (no ring)
MPRegen 0.09/turn

%: no passive effects
@: no status effects
A: sickness immunity, AC +3, negative energy resistance 1, electricity
resistance, torment resistance 1, petrification resistance
a: no special abilities


You were on level 2 of the Dungeon.
You visited 1 branch of the dungeon, and saw 2 of its levels.

You collected 115 gold pieces.

Inventory:

Hand Weapons
 a - a +0 war axe (weapon)
Armour
 b - a +0 scale mail (worn)
 c - a +0 buckler (worn)
Jewellery
 l - a ring of protection from fire (left hand)
Scrolls
 f - a scroll of vulnerability {unknown}
 g - a scroll of blinking {unknown}
 h - a scroll of identify {unknown}
 i - 2 scrolls of torment {unknown}
 j - a scroll of fear {unknown}
 k - a scroll of immolation {unknown}
 m - a scroll of magic mapping
 n - 2 scrolls of silence
 q - a scroll of enchant weapon {unknown}
 r - a scroll of enchant armour {unknown}
 s - a scroll of teleportation {unknown}
Potions
 d - 2 potions of might
 e - 2 potions of berserk rage {unknown}
 o - a potion of brilliance {unknown}
 p - 2 potions of magic {unknown}


   Skills:
 - Level 3.2 Fighting
 + Level 4.0 Axes
 - Level 3.2 Armour
 - Level 3.2 Shields


You had 3 spell levels left.
You didn't know any spells.
Your spell library was empty.

Dungeon Overview and Level Annotations

Branches:
Dungeon (2/15)

Altars:


Innate Abilities, Weirdness & Mutations

You are immune to sickness and miasma.
Your stone body is resilient. (AC +3)
You are immune to poison.
You resist negative energy. (rN+)
You are resistant to electric shocks. (rElec)
You are resistant to unholy torment.
You are immune to petrification.


Message History

A hobgoblin is nearby!
A hobgoblin is nearby!
The hobgoblin hits you but does no damage.
A hobgoblin is nearby!
You hit the hobgoblin but do no damage. The hobgoblin completely misses you.
The hobgoblin barely misses you.
A hobgoblin is nearby!
You hit the hobgoblin.
You kill the hobgoblin!
Key pressed, stopping explore.
No target in view!
Found a stone staircase leading down.
No target in view!
There is a stone staircase leading down here.
There is a stone staircase leading down here.
Found a robe.
No target in view!
e - 2 puce potions (gained 1)
s - a scroll labelled ATEISS YRAB No target in view!
You see here a +0 robe.
A frilled lizard comes into view.
The frilled lizard hisses angrily.
A frilled lizard is nearby!
The frilled lizard unfolds its giant frill.
A frilled lizard is nearby!
Found a stone staircase leading down.
The frilled lizard bites you but does no damage.
A frilled lizard is nearby!
You barely miss the frilled lizard. The frilled lizard bites you.
A frilled lizard is nearby!
You closely miss the frilled lizard. The frilled lizard closely misses you.
The frilled lizard bites you.
A frilled lizard is nearby!
You completely miss the frilled lizard.
The frilled lizard bites you but does no damage.
A frilled lizard is nearby!
You miss the frilled lizard.
The frilled lizard bites you but does no damage.
Are you sure you want to abandon this character and quit the game? (Confirm with "yes".)

###.#...#.###.##...# #.......#..
#.#.........##.### #.......###
#.#...#.######.# #####.....#
#.#...#.###**#.# #.###.#
#.#........,,#.#********#.# #..
**#.......###*,#.#,,,,,,,,.)#*#.#
,*#.......# *,#.#,#*,*,*##.....#
,*#.†####.# *,#.#.##.#,* #######
.......#*.#***,#@.....#,*
.##..#..........l..####,*
,*#..####.##.......#***,*
,*#...,,,......##....,,,*
,*##...,,.##.#.**.####*** **
###.****#...,,.#
****.#***#.#,**.#
*,,,,,,,*#>*,**.#
***,,,,,,,**,,,,,<*


You could see a frilled lizard.

Vanquished Creatures
  Terence (D:2)
  A gnoll (D:1)
  2 dart slugs
  2 endoplasms (D:1)
  2 giant cockroaches (D:2)
  8 hobgoblins
  2 ball pythons (D:1)
  3 bats
  A frilled lizard (D:2)
  4 goblins
  2 kobolds (D:1)
  2 rats (D:2)
30 creatures vanquished.

Notes
Turn   | Place    | Note
-------+----------+-------------------------------------------
     0 | D:1      | CInkIbrahim the Gargoyle Fighter began the quest for the
                  | Orb.
     0 | D:1      | Reached XP level 1. HP: 14/14 MP: 1/1
    35 | D:1      | Reached skill level 2 in Axes
   150 | D:1      | Reached XP level 2. HP: 10/19 MP: 2/2
   308 | D:1      | Reached skill level 3 in Axes
   308 | D:1      | Reached XP level 3. HP: 23/23 MP: 3/3
   915 | D:2      | Noticed Terence
   923 | D:2      | Killed Terence
   924 | D:2      | Reached XP level 4. HP: 23/28 MP: 4/4
   928 | D:2      | Reached skill level 4 in Axes
  1078 | D:2      | Quit the game

Illustrated notes

Levels and vault maps discovered:
D:1:      ncdulo_halloftheorcs, layout_rooms, minmay_tetromino_o4
D:2:      layout_loops_cross, uniq_terence

Skill      XL: |  1  2  3  4 |
---------------+-------------+-----
Axes           | 2 3 4 |  4.0
Fighting       | |  3.2
Armour         | |  3.2
Shields        | |  3.2

Action                     |  1- 3 |  4- 6 || total
---------------------------+-------+-------++-------
  Melee: War axe           |    85 |    10 ||    95
    Use: Scroll            |     2 |       ||     2
 Armour: Scale mail        |    46 |     4 ||    50
  Dodge: Dodged            |    50 |     7 ||    57
  Block: Buckler           |    26 |       ||    26
